 Dungeon Crawl Stone Soup version 0.30.0-3-ga4e48a9924 (webtiles) character file.

Game seed: 18328721715360668237

18 hawla the Firebug (level 3, -9/26 HPs)
             Began as a Meteoran Fire Elementalist on May 7, 2023.
             Mangled by Crazy Yiuf
             ... wielding a +4 quarterstaff of chaos
              (12 damage)
             ... on level 2 of the Dungeon.
             The game lasted 00:01:45 (252 turns).

hawla the Firebug (Meteoran Fire Elementalist)       Turns: 252, Time: 00:01:45

Health: -9/26      AC:  9    Str:  9    XL:     3   Next: 8%
Magic:  0/8        EV: 12    Int: 19    God:
Gold:   49         SH:  0    Dex: 14    Spells: 7/8 levels left

rFire   . . .        b - +1 hammer (protect)
rCold   . . .        (no shield)
rNeg    . . .        a - +0 robe
rPois   .            (no helmet)
rElec   .            (no cloak)
rCorr   .            (no gloves)
SInv    .            (no boots)
Will    .....        (no amulet)
Stlth   +            (no ring)
HPRegen 0.24/turn    (no ring)
MPRegen 0.11/turn

%: no passive effects
@: under a protective aura, glowing
A: sense surroundings 1, otherworldly, glowing, explore regen
a: no special abilities


You were on level 2 of the Dungeon.
You visited 1 branch of the dungeon, and saw 2 of its levels.

You collected 49 gold pieces.

Inventory:

Hand Weapons
 b - a +1 hammer of protection (weapon)
Armour
 a - a +0 robe (worn)
Scrolls
 c - a scroll of teleportation {unknown}
Potions
 d - a potion of curing


   Skills:
 + Level 2.7 Dodging
 - Level 1.4 Stealth
 + Level 3.0 Spellcasting
 + Level 1.4 Conjurations
 + Level 4.2 Fire Magic


You had 7 spell levels left.
You knew the following spells:

 Your Spells              Type           Power      Damage    Failure   Level
a - Foxfire               Conj/Fire      52%        2x1d6     4%          1

Your spell library contained the following spells:

 Spells                   Type           Power      Damage    Failure   Level
 Scorch                   Fire           38%        2d6       4%          2
 Inner Flame              Hex/Fire       11%        N/A       19%         3
 Volatile Blastmotes      Fire/Tloc      22%        2d11      19%         3
 Flame Wave               Conj/Fire      13%        2d6       43%         4


Dungeon Overview and Level Annotations

Branches:
Dungeon (2/15) Zot: 947

Altars:

Annotations:
D:2 Crazy Yiuf


Innate Abilities, Weirdness & Mutations

You passively map a small area around you.
You are easily found by Zot.
You glow in the dark.
You regain HP and MP as you explore.


Message History

Found a hammer.
Found 6 gold pieces.
Found 10 gold pieces.
Found 2 stones.
You now have 39 gold pieces (gained 6).
You now have 49 gold pieces (gained 10).
You open the door.
HP restored.
You see here a +0 hammer.
Found a glowing hammer, five hammers and a transparent hammer.
Found a runed translucent door.
You see here a +0 hammer.
Found a glowing hammer.
Crazy Yiuf shouts!
You see here a +1 hammer of protection.
Your +1 hammer of protection hums with potential!
b - a +1 hammer of protection (weapon)
Setting a skill training target for Maces & Flails at 14.0.
Crazy Yiuf laughs, "Action sanguine sallow!"
You see here a +0 hammer.
Found three hammers.
You see here a +0 hammer.
You open the door.
Casting: Foxfire (safe; 4% risk of failure)
Confirm with . or Enter, or press ? or * to list all spells.
You don't know that spell.
Unknown command.
Casting: Foxfire (safe; 4% risk of failure)
Confirm with . or Enter, or press ? or * to list all spells.
You conjure some foxfire!
Crazy Yiuf misses you.
You closely miss Crazy Yiuf.
Crazy Yiuf hits you with a +4 quarterstaff of chaos!
Ouch! That really hurt!
You feel your power leaking away.
You hit Crazy Yiuf but do no damage.
Your weapon exudes an aura of protection.
Crazy Yiuf hits you with a +4 quarterstaff of chaos!
* * * LOW HITPOINT WARNING * * *
Crazy Yiuf hits you with a +4 quarterstaff of chaos!
You die...

, #............... ,
#.........###### < ,
#####'#.### , , *
##### # , # # , , ###
♣♣#### ##### #)))#♣♣
♣♣P...###.... ,
#.))g@♣♣♣♣............
#)))#♣v.♣).....###....
### ♣♣♣)♣)P..## #....
♣♣♣♣♣### #.... #.... *
* *###.... * , , , ,,,
#.'.... , , ,,#..#....
* #+##....


You could see Crazy Yiuf (ally target).

Vanquished Creatures
  A bat (D:1)
  An endoplasm (D:1)
  A goblin (D:1)
  2 hobgoblins (D:1)
  4 jackals (D:2)
  2 kobolds
  4 frilled lizards
  A rat (D:1)
16 creatures vanquished.

Vanquished Creatures (others)
  39 foxfires
39 creatures vanquished.

Grand Total: 55 creatures vanquished

Notes
Turn   | Place    | Note
-------+----------+-------------------------------------------
     0 | D:1      | hawla the Meteoran Fire Elementalist began the quest for
                  | the Orb.
     0 | D:1      | Reached XP level 1. HP: 14/14 MP: 5/5
    77 | D:1      | Reached XP level 2. HP: 20/20 MP: 0/6
    81 | D:1      | Reached skill level 4 in Fire Magic
   188 | D:2      | Reached XP level 3. HP: 4/26 MP: 2/8
   244 | D:2      | Found a runed translucent door.
   245 | D:2      | Noticed Crazy Yiuf
   252 | D:2      | Mangled by Crazy Yiuf

Illustrated notes

Levels and vault maps discovered:
D:1:      sevenhm_arrival_forest_fort_large_2, layout_rooms
D:2:      layout_basic, hangedman_glass_teeth, uniq_natasha,
          uniq_crazy_yiuf_cottage

Skill      XL: |  1  2 |
---------------+-------+-----
Fire Magic     | 4 |  4.2
Spellcasting   | 3 |  3.0
Dodging        | |  2.7
Stealth        | |  1.4
Conjurations   | |  1.4

Action                     || total
---------------------------++-------
  Melee: Unarmed           ||     9
         Mace              ||     2
   Cast: Foxfire           ||    22
    Use: Potion            ||     2
 Armour: Robe              ||     9
  Dodge: Dodged            ||    31
